 Dungeon Crawl Stone Soup version 0.27.0-1-g7a08968 (webtiles) character file.

Game seed: 18245765893046708169

173 Scud the Magician (level 5, -4/38 HPs)
             Began as a Djinni Fire Elementalist on Aug 22, 2021.
             Killed from afar by an orc wizard (11 damage)
             ... with a magic dart
             ... on level 3 of the Dungeon.
             The game lasted 00:10:42 (3464 turns).

Scud the Magician (Djinni Fire Elementalist)        Turns: 3464, Time: 00:10:43

Health: -4/38      AC:  5    Str:  7    XL:     5   Next: 83%
Gold:   95         EV: 13    Int: 17    God:
                   SH:  0    Dex: 14

rFire    + + .     SeeInvis .   f - +0 hunting sling
rCold    x . .     Faith    .   (no shield)
rNeg     . . .     Spirit   .   a - +0 robe
rPois    ∞         Reflect  .   i - +2 helmet
rElec    .         Harm     .   (no cloak)
rCorr    .         Rampage  .   (no gloves)
Will     .....                  (boots unavailable)
Stlth    ++........             (no amulet)
HPRegen  0.12/turn              (no ring)
MPRegen  0.00/turn              (no ring)

@: flying
A: sickness immunity, fire resistance 2, cold vulnerability 1, float, innate
caster, hp casting, extra vitality 1
a: no special abilities


You were on level 3 of the Dungeon.
You visited 1 branch of the dungeon, and saw 4 of its levels.

You collected 95 gold pieces.

Inventory:

Hand Weapons
 f - a +0 hunting sling (weapon)
Missiles
 c - 17 stones (quivered ammo)
 k - 11 sling bullets (quivered)
Armour
 a - a +0 robe (worn)
 i - a +2 helmet (worn)
Scrolls
 b - a scroll of acquirement {unknown}
 d - a scroll of noise {unknown}
 e - a scroll of blinking {unknown}
 h - a scroll of brand weapon {unknown}
 j - a scroll of immolation {unknown}
 l - a scroll of vulnerability {unknown}
 m - a scroll of magic mapping {unknown}
 n - 2 scrolls of enchant weapon {unknown}
 o - 2 scrolls of identify {unknown}
 q - a scroll of amnesia {unknown}
Potions
 g - a potion of ambrosia {unknown}
 p - a potion of curing {unknown}
 r - a potion of flight {unknown}


   Skills:
 - Level 2.0 Fighting
 - Level 3.0 Dodging
 - Level 1.5 Stealth
 * Level 4.1 Spellcasting


You couldn't memorise any spells.
You knew the following spells:

 Your Spells              Type           Power      Damage    Failure   Level
a - Foxfire               Conj/Fire      68%        2x1d7     3%          1
b - Sandblast             Erth           34%        2d9       3%          1
c - Passwall              Tmut/Erth      14%        N/A       4%          2
d - Sticky Flame          Conj/Fire      17%        2d4       28%         4
e - Fireball              Conj/Fire      8%         3d6       63%         5
f - Inner Flame           Hex/Fire       17%        N/A       9%          3
g - Conjure Flame         Conj/Fire      17%        6-21      9%          3
Your spell library was empty.

Dungeon Overview and Level Annotations

Branches:
Dungeon (4/15)             Temple (0/1) D:4

Altars:


Innate Abilities, Weirdness & Mutations

You are immune to sickness and miasma.
You are immune to poison.
Your flesh is very heat resistant. (rF++)
You are vulnerable to cold. (rC-)
You float through the air rather than walking.
You learn spells naturally, not from books.
Your magical power is your life essence.
You have superior vitality. (+4 HP)


Message History

Press: ? - help, Q - select action, (/) - cycle Dir - look around, f - activate You shoot a sling bullet.
Something hits you but does no damage.
Non-targeted confused fire: 14 sling bullets
Press: ? - help, Q - select action, (/) - cycle Dir - look around, f - activate You shoot a sling bullet.
Something hits you.
* * * LOW HITPOINT WARNING * * *
An orc wizard appears from thin air!
Reactivating autopickup.
The orc wizard closely misses you.
You're too confused to cast spells.
Non-targeted confused fire: 13 sling bullets
Press: ? - help, Q - select action, (/) - cycle Dir - look around, f - activate You shoot a sling bullet.
The orc wizard hits you with a +0 dagger.
* * * LOW HITPOINT WARNING * * *
Non-targeted confused fire: 12 sling bullets
Press: ? - help, Q - select action, (/) - cycle Dir - look around, f - activate Look: an orc wizard, wielding a +0 dagger and wearing a +0 robe (32% to hit)
You shoot a sling bullet. The orc wizard misses you.
The orc wizard gestures at you while chanting.
The magic dart hits you.
* * * LOW HITPOINT WARNING * * *
You bump into the rock wall.
The orc wizard closely misses you.
You feel less confused. The orc wizard closely misses you.
Casting: Sandblast (safe; 3% risk of failure)
Confirm with . or Enter, or press ? or * to list all spells.
Aiming: Sandblast (safe; 3% risk of failure)
Press: ? - help, Shift-Dir - straight line, f/p - orc wizard
Aim: an orc wizard, wielding a +0 dagger and wearing a +0 robe (74% to hit)
The blast of sand hits the orc wizard!
The orc wizard is severely wounded.
c - 17 stones
* * * LOW HITPOINT WARNING * * *
The orc wizard gestures at you while chanting.
The magic dart hits you!
You die...

...##......##.# #.##..# #.#
....#########<# #.###.###.#
....# ##+## #.........#
....# ##...## #####.#####
...## ##.....## ###.#
....## ##.......## ##.#.#
.....####.........####....#
........'........o(.......#
.....####......>@(####....#
......# ##.......## ##.#.#
......# ##.....## ###.#
......# ##...## #.# ...#.##
##(## #.# ...#.# #.# #.#
.....# #.# #.#
#.###########.#### #.# #.#
#...........# #.#


You could see an orc wizard.

Vanquished Creatures
  A hound (D:3)
  An orc wizard (D:4)
  3 adders
  A worm (D:2)
  3 dart slugs (D:1)
  3 orcs (D:4)
  4 bats
  6 endoplasms
  3 giant cockroaches
  3 goblins (D:1)
  5 hobgoblins
  15 jackals
  4 kobolds
  3 quokkas
  8 ball pythons
  6 frilled lizards
  7 rats
76 creatures vanquished.

Vanquished Creatures (collateral kills)
  A foxfire (D:1)
1 creature vanquished.

Vanquished Creatures (others)
  A demonic plant (D:1)
  86 foxfires
  2 withered plants (D:1)
89 creatures vanquished.

Grand Total: 166 creatures vanquished

Notes
Turn   | Place    | Note
-------+----------+-------------------------------------------
     0 | D:1      | Scud the Djinni Fire Elementalist began the quest for the
                  | Orb.
     0 | D:1      | Reached XP level 1. HP: 15/15 MP: 0/0
   200 | D:1      | Reached XP level 2. HP: 19/22 MP: 0/0
   401 | D:1      | Reached skill level 1 in Fighting
   488 | D:1      | Found a faded altar of an unknown god.
   685 | D:1      | Reached XP level 3. HP: 24/27 MP: 0/0
   685 | D:1      | Learned a level 1 spell: Sandblast
  1431 | D:2      | Reached skill level 3 in Spellcasting
  1431 | D:2      | Reached XP level 4. HP: 20/33 MP: 0/0
  2407 | D:3      | Reached XP level 5. HP: 35/38 MP: 0/0
  2407 | D:3      | Learned a level 2 spell: Passwall
  3420 | D:4      | Found a staircase to the Ecumenical Temple.
  3439 | D:4      | Reached skill level 4 in Spellcasting
  3464 | D:3      | Killed from afar by an orc wizard

Illustrated notes

Levels and vault maps discovered:
D:1:      elethiomel_arrival_shortcut, layout_basic,
          shapermc_ecumenical_altar_gd
D:2:      layout_loops_ring
D:3:      layout_loops_corners
D:4:      layout_rooms, minmay_temple_entry_stoned_glass,
          gup_sewer_entry_bubbles

Skill      XL: |  1  2  3  4  5 |
---------------+----------------+-----
Fighting       | 1 2 |  2.0
Spellcasting   | 3 4 |  4.1
Dodging        | 3 |  3.0
Stealth        | |  1.5

Action                   |  1- 3 |  4- 6 || total
-------------------------+-------+-------++-------
Melee: Unarmed           |     5 |     2 ||     7
       Hunting sling     |       |     1 ||     1
 Fire: Hunting sling     |       |    41 ||    41
 Cast: Foxfire           |    52 |     6 ||    58
       Sandblast         |     9 |    44 ||    53
Armor: Robe              |     2 |    14 ||    16
Dodge: Dodged            |     6 |    19 ||    25
